 Dungeon Crawl Stone Soup version 0.29.1-1-gd02db6906a (webtiles) character file.

Game seed: 12021695524997503641

25 sleeves the Magician (level 2, 0/20 HPs)
             Began as a Demigod Hedge Wizard on Sept 30, 2022.
             Slain by Natasha (11 damage)
             ... on level 2 of the Dungeon.
             The game lasted 00:01:29 (1458 turns).

sleeves the Magician (Demigod Hedge Wizard)         Turns: 1458, Time: 00:01:30

Health: 0/20       AC:  2    Str: 11    XL:     2   Next: 63%
Magic:  0/8        EV: 12    Int: 16    God:
Gold:   107        SH:  0    Dex: 13    Spells: 5/6 levels left

rFire   . . .      SeeInvis .   a - +0 dagger
rCold   . . .      Faith    .   (no shield)
rNeg    . . .      Spirit   .   b - +0 robe
rPois   .          Reflect  .   c - +0 hat
rElec   .          Harm     .   (no cloak)
rCorr   .          Rampage  .   (no gloves)
Will    .....                   (no boots)
Stlth   ++........              (no amulet)
HPRegen 0.06/turn               (no ring)
MPRegen 0.11/turn               (no ring)

@: very slightly contaminated, slowed, very slow
A: high MP 1, forlorn, divine attributes
a: no special abilities


You were on level 2 of the Dungeon.
You visited 1 branch of the dungeon, and saw 2 of its levels.

You collected 107 gold pieces.

Inventory:

Hand Weapons
 a - a +0 dagger (weapon)
Armour
 b - a +0 robe (worn)
 c - a +0 hat (worn)
Scrolls
 e - a scroll of acquirement {unknown}
 f - a scroll of identify {unknown}
 i - a scroll of vulnerability {unknown}
 k - 2 scrolls of enchant armour {unknown}
 l - a scroll of magic mapping {unknown}
 n - a scroll of torment {unknown}
 p - a scroll of fear {unknown}
Potions
 d - a potion of magic
 g - a potion of attraction {unknown}
 h - a potion of resistance {unknown}
 j - a potion of lignification {unknown}
 m - 2 potions of might
 o - 2 potions of flight {unknown}


   Skills:
 - Level 1.7 Dodging
 - Level 1.7 Stealth
 - Level 2.6 Spellcasting
 + Level 2.6 Conjurations
 - Level 0.8 Summonings
 - Level 0.8 Translocations


You had 5 spell levels left.
You knew the following spells:

 Your Spells              Type           Power      Damage    Failure   Level
a - Magic Dart            Conj           40%        1d5       7%          1

Your spell library contained the following spells:

 Spells                   Type           Power      Damage    Failure   Level
 Slow                     Hex            8%         N/A       19%         1
 Blink                    Tloc           8%         N/A       21%         2
 Call Imp                 Summ           4%         N/A       21%         2
 Conjure Flame            Conj/Fire      6%         6-21      34%         3
 Mephitic Cloud           Conj/Pois/Air  4%         N/A       38%         3


Dungeon Overview and Level Annotations

Branches:
Dungeon (2/15)

Annotations:
D:2 Natasha


Innate Abilities, Weirdness & Mutations

You have an increased reservoir of magic. (+10% MP)
You shall have no god before yourself.
Your divine heritage dramatically boosts your attributes as you level up.


Message History

Welcome, sleeves the Demigod Hedge Wizard.
It is said that the Orb of Zot exists deep within this dungeon.
Press ? for a list of commands and other information.
Found a staircase leading out of the dungeon.
Okay, then.
A giant cockroach comes into view.
Found a scroll labelled XEM CYEQOXIM.
A giant cockroach is nearby!
A giant cockroach is nearby!
The magic dart hits the giant cockroach.
The giant cockroach is severely wounded.
The magic dart hits the giant cockroach.
You kill the giant cockroach!
Your Conjurations skill increases to level 1!
Magic restored.
e - a scroll labelled XEM CYEQOXIM
f - a scroll labelled NOOSAPHUHA
Found 3 stones.
You see here 3 stones.
A bat comes into view.
A bat is nearby!
A bat is nearby!
The magic dart hits the bat.
The bat is heavily wounded.
The magic dart hits the bat.
You kill the bat!
You see here a bat corpse.
You now have 13 gold pieces.
A goblin comes into view. It is wielding a +0 club.
A goblin is nearby!
A goblin is nearby!
The magic dart hits the goblin.
The goblin is almost dead.
The goblin shouts!
The magic dart hits the goblin.
You kill the goblin!
Found a stone staircase leading down.
A hobgoblin comes into view.
The hobgoblin shouts!
The hobgoblin moves out of view.
You see here 5 gold pieces.
A hobgoblin is nearby!
A hobgoblin is nearby!
A hobgoblin is nearby!
The magic dart hits the hobgoblin.
The hobgoblin is almost dead.
The magic dart hits the hobgoblin but does no damage.
The hobgoblin is almost dead.
A hobgoblin is nearby!
You miscast Magic Dart.
You are very lightly contaminated with residual magic.
Nothing appears to happen.
A hobgoblin is nearby!
A hobgoblin is nearby!
A hobgoblin is nearby!
The magic dart hits the hobgoblin.
You kill the hobgoblin!
Your magical contamination has completely faded away.
You now have 18 gold pieces (gained 5).
g - a sapphire potion You enter the shallow water.
Moving in this stuff is going to be slow.
There is an empty arch of ancient stone here.
You enter the shallow water.
Moving in this stuff is going to be slow.
You now have 27 gold pieces (gained 9).
You see here a bat corpse.
You see here a bat skeleton.
You see here a +0 club.
A kobold comes into view. It is wielding a +0 dagger.
A kobold is nearby!
A kobold is nearby!
The helpless kobold fails to defend itself.
You puncture the kobold!
You kill the kobold!
Things that are here:
a +0 dagger; a kobold corpse
Found a stone staircase leading down.
You open the door.
There is an open door here.
You open the door.
There is an open door here.
h - a fizzy orange potion
i - a scroll labelled VIODDE WORUOL A bat comes into view.
A bat is nearby!
A bat is nearby!
The magic dart hits the bat.
The bat is severely wounded.
The magic dart hits the bat.
You kill the bat!
There is a stone staircase leading down here.
A quokka comes into view.
Found a lumpy puce potion.
A quokka is nearby!
A quokka is nearby!
The magic dart hits the quokka.
The quokka is almost dead.
The magic dart hits the quokka.
You kill the quokka!
j - a lumpy puce potion You see here a quokka corpse.
A ball python comes into view.
A ball python is nearby!
The magic dart hits the ball python.
You kill the ball python!
Your Conjurations skill increases to level 2!
You can't see any susceptible monsters within range! (Use Z to cast anyway.)
A kobold comes into view. It is wielding a +0 dagger.
A kobold is nearby!
A kobold is nearby!
The magic dart hits the kobold.
The kobold is heavily wounded.
The kobold shouts!
The magic dart hits the kobold.
You kill the kobold!
You have reached level 2!
You see here a +0 dagger.
You open the door.
A hobgoblin comes into view.
The hobgoblin shouts!
Found a stone staircase leading down.
A hobgoblin is nearby!
A hobgoblin is nearby!
The magic dart hits the hobgoblin.
The hobgoblin is moderately wounded.
A kobold comes into view. It is wielding a +0 dagger.
The magic dart hits the hobgoblin.
The hobgoblin is heavily wounded.
The magic dart hits the hobgoblin.
The hobgoblin is almost dead.
The hobgoblin completely misses you.
The magic dart hits the hobgoblin.
You kill the hobgoblin!
The magic dart hits the kobold but does no damage.
The magic dart hits the kobold but does no damage.
The magic dart hits the kobold.
The kobold is moderately wounded.
* * * LOW MAGIC WARNING * * *
You barely miss the kobold.
The kobold is moderately wounded.
The kobold misses you.
You hit the kobold.
You kill the kobold!
There is an open door here.
Things that are here:
a +0 dagger; a kobold corpse; a hobgoblin corpse You open the door.
There is an open door here.
Found a mace.
You see here a +0 mace.
There is an open door here.
Things that are here:
a +0 dagger; a kobold corpse; a hobgoblin corpse You open the door.
You open the door.
Found a faded altar of an unknown god.
There is an open door here.
You now have 38 gold pieces (gained 11).
A hobgoblin comes into view.
A hobgoblin is nearby!
The magic dart hits the hobgoblin.
The hobgoblin is lightly wounded.
The hobgoblin shouts!
The magic dart hits the hobgoblin.
The hobgoblin is severely wounded.
The magic dart hits the hobgoblin.
You kill the hobgoblin!
You can't see any susceptible monsters within range! (Use Z to cast anyway.)
Found 4 boomerangs.
You see here 4 boomerangs.
A ball python comes into view.
Found 2 scrolls labelled NILETHR GIUTHRIO.
The ball python hisses angrily.
A ball python is nearby!
The magic dart hits the ball python.
The ball python is severely wounded.
The ball python bites you. The ball python misses you.
The magic dart hits the ball python.
You kill the ball python!
You can't see any susceptible monsters within range! (Use Z to cast anyway.) HP restored.
k - 2 scrolls labelled NILETHR GIUTHRIO
Found 6 stones.
l - a scroll labelled NYZIETREOBB An endoplasm comes into view.
The magic dart hits the endoplasm.
The endoplasm is heavily wounded.
The endoplasm quivers.
The magic dart hits the endoplasm.
The endoplasm is almost dead.
The magic dart hits the endoplasm.
You kill the endoplasm!
m - a puce potion You now have 48 gold pieces (gained 10).
A bat and a frilled lizard come into view.
The frilled lizard hisses angrily.
The frilled lizard moves out of view.
A bat is nearby!
The magic dart hits the bat.
You kill the bat!
You can't see any susceptible monsters within range! (Use Z to cast anyway.)
A frilled lizard is nearby!
The magic dart hits the frilled lizard.
The frilled lizard is heavily wounded.
The magic dart hits the frilled lizard.
You kill the frilled lizard!
Found 6 stones.
m - 2 puce potions (gained 1)
You see here a frilled lizard corpse.
A giant cockroach comes into view.
A giant cockroach is nearby!
The magic dart hits the giant cockroach but does no damage.
The magic dart hits the giant cockroach.
The giant cockroach is severely wounded.
The magic dart hits the giant cockroach but does no damage.
The giant cockroach is heavily wounded.
The magic dart hits the giant cockroach but does no damage.
The giant cockroach is heavily wounded.
The giant cockroach barely misses you. The giant cockroach bites you.
The magic dart hits the giant cockroach.
The giant cockroach is severely wounded.
The giant cockroach closely misses you.
You barely miss the giant cockroach.
The giant cockroach is severely wounded.
The giant cockroach closely misses you.
You hit the giant cockroach.
The giant cockroach is severely wounded.
The giant cockroach bites you but does no damage.
You closely miss the giant cockroach.
The giant cockroach is heavily wounded.
The giant cockroach barely misses you.
You hit the giant cockroach but do no damage.
The giant cockroach is heavily wounded.
The giant cockroach bites you. The giant cockroach misses you.
The magic dart hits the giant cockroach.
The giant cockroach is severely wounded.
The giant cockroach closely misses you.
The magic dart hits the giant cockroach but does no damage.
The giant cockroach is severely wounded.
The giant cockroach closely misses you.
The magic dart hits the giant cockroach.
The giant cockroach is almost dead.
* * * LOW MAGIC WARNING * * *
The giant cockroach barely misses you.
The magic dart hits the giant cockroach.
You kill the giant cockroach!
* * * LOW MAGIC WARNING * * *
Search for what [? for help]? weap
Found a plate armour.
n - a scroll labelled IWKUOT RIJOBBO You now have 64 gold pieces (gained 16).
You open the door.
There is an open door here.
A kobold comes into view. It is wielding a +0 short sword.
A kobold is nearby!
You miscast Magic Dart.
You are very lightly contaminated with residual magic.
Nothing appears to happen.
The magic dart hits the kobold.
The kobold is severely wounded.
The magic dart hits the kobold but does no damage.
The kobold is severely wounded.
A kobold is nearby!
The magic dart hits the kobold.
You kill the kobold!
Your magical contamination has completely faded away.
Things that are here:
a +0 short sword; a kobold corpse A goblin comes into view.
It is wielding a +0 dagger.
A goblin is nearby!
A goblin is nearby!
The magic dart hits the goblin.
The goblin is heavily wounded.
The magic dart hits the goblin.
You kill the goblin!
You can't see any susceptible monsters within range! (Use Z to cast anyway.)
You see here a +0 dagger.
You now have 77 gold pieces (gained 13).
You open the door.
There is an open door here.
There is an open door here.
Key pressed, stopping explore.
You see here a +0 club.
Done exploring.
Done exploring.
(D) Dungeon
Where to? (? - help)
There is an open door here.
There is an open door here.
There is a stone staircase leading down here.
You climb downwards.
Found 13 gold pieces and 2 yellow potions.
There is a stone staircase leading up here.
Unknown command.
You now have 90 gold pieces (gained 13).
o - 2 yellow potions You now have 99 gold pieces (gained 9).
A goblin comes into view. It is wielding a +0 dagger.
Found a scroll labelled WEUBLI SIEPIPT and 8 gold pieces.
A goblin is nearby!
The magic dart hits the goblin.
You kill the goblin!
You can't see any susceptible monsters within range! (Use Z to cast anyway.) Magic restored.
Found a stone staircase leading up.
An endoplasm and a rat come into view.
Found a leather armour.
There are monsters nearby!
There are monsters nearby!
The magic dart hits the rat.
The rat is heavily wounded.
The magic dart hits the rat.
You kill the rat!
The magic dart hits the endoplasm.
The endoplasm is heavily wounded.
The endoplasm quivers.
The magic dart hits the endoplasm but does no damage.
The endoplasm is heavily wounded.
The magic dart hits the endoplasm but does no damage.
The endoplasm is heavily wounded.
The magic dart hits the endoplasm but does no damage.
The endoplasm is heavily wounded.
The magic dart hits the endoplasm but does no damage.
The endoplasm is heavily wounded.
* * * LOW MAGIC WARNING * * *
The magic dart hits the endoplasm.
You kill the endoplasm!
* * * LOW MAGIC WARNING * * *
p - a scroll labelled WEUBLI SIEPIPT You now have 107 gold pieces (gained 8).
You see here a +0 leather armour.
Natasha, Servant of Life and Death comes into view.
Natasha is nearby!
You miscast Magic Dart.
You are very lightly contaminated with residual magic.
Nothing appears to happen.
Natasha hisses angrily.
You miscast Magic Dart.
Nothing appears to happen.
Natasha stares at you and mumbles some strange words.
The magic dart hits you.
The magic dart hits Natasha.
Natasha is moderately wounded.
The magic dart hits Natasha.
Natasha is severely wounded.
The magic dart hits Natasha but does no damage.
Natasha is severely wounded.
Natasha casts a spell at you.
You feel yourself slow down.
The magic dart hits Natasha but does no damage.
Natasha is heavily wounded.
Natasha stares at you and mumbles some strange words.
You feel as though you will be slow longer.
The magic dart hits Natasha.
Natasha is almost dead.
* * * LOW MAGIC WARNING * * *
The magic dart hits Natasha but does no damage.
Natasha is almost dead.
* * * LOW MAGIC WARNING * * *
Natasha claws you.
Natasha drinks a potion.
Natasha seems to grow stronger.
Casting: Magic Dart (safe; 7% risk of failure)
Confirm with . or Enter, or press ? or * to list all spells.
Aiming: Magic Dart (safe; 7% risk of failure)
Press: ? - help, Shift-Dir - straight line, f/p - Natasha
Aim: Natasha (almost dead, strong, 100% to hit)
The magic dart hits Natasha but does no damage.
Natasha is almost dead.
* * * LOW MAGIC WARNING * * *
Natasha claws you but does no damage.
You miss Natasha.
Natasha is almost dead.
Natasha mumbles some strange words.
Natasha misses you.
You miss Natasha.
Natasha is almost dead.
Natasha claws you!
Ouch! That really hurt!
You die...

#......# #).......
#......# #........
#......# ###........
######.####..........
########..##...#........
.........###[####.......
.........###.# #....<..
.............# #.......
......h@.##### #.......
.......5.# ########
...=.....# .........#
.........# ##########


You could see Natasha (strong) and a white imp (summoned).

Vanquished Creatures
  2 ball pythons (D:1)
  2 endoplasms
  2 giant cockroaches (D:1)
  3 goblins
  3 hobgoblins (D:1)
  A quokka (D:1)
  3 bats (D:1)
  A frilled lizard (D:1)
  4 kobolds (D:1)
  A rat (D:2)
22 creatures vanquished.

Notes
Turn   | Place    | Note
-------+----------+-------------------------------------------
     0 | D:1      | sleeves the Demigod Hedge Wizard began the quest for the
                  | Orb.
     0 | D:1      | Reached XP level 1. HP: 14/14 MP: 6/6
     8 | D:1      | Reached skill level 1 in Conjurations
   509 | D:1      | Reached skill level 2 in Conjurations
   523 | D:1      | Reached XP level 2. HP: 20/20 MP: 5/8
  1447 | D:2      | Noticed Natasha
  1458 | D:2      | Slain by Natasha

Illustrated notes

Levels and vault maps discovered:
D:1:      spicycebolla_green_bress_n_ham_2, layout_loops_corners,
          chequers_ecumenical_altar_lobes, minmay_misc_feat_cross
D:2:      layout_rooms, uniq_sigmund, uniq_crazy_yiuf_cottage, uniq_natasha

Skill      XL: |  1 |
---------------+----+-----
Conjurations   | 2 |  2.6
Dodging        | |  1.7
Stealth        | |  1.7
Spellcasting   | |  2.6
Summonings     | |  0.8
Translocations | |  0.8

Action                   || total
-------------------------++-------
Melee: Dagger            ||     9
 Cast: Magic Dart        ||    64
 Stab: Sleeping          ||     1
Armor: Robe              ||     2
Dodge: Dodged            ||    12
